 Dungeon Crawl Stone Soup version 0.17-a0-1430-g49fde19 (webtiles) character file.

72 matakusis the Grave Robber (level 4, 0/30 HPs)
             Began as a Vampire Necromancer on June 25, 2015.
             Succumbed to an adder's poison
             ... on level 2 of the Dungeon.
             The game lasted 00:12:15 (1907 turns).

matakusis the Grave Robber (Vampire Necromancer)    Turns: 1907, Time: 00:12:15

Health: 0/30       AC:  2    Str:  7    XL:     4   Next: 6%
Magic:  6/8        EV: 12    Int: 22    God:
Gold:   86         SH:  0    Dex: 15    Spells: 1 memorised, 8 levels left

rFire  . . .     SeeInvis +     h - +0 dagger
rCold  + + .     Clarity  .     a - +0 robe
rNeg   + + +     SustAt   .     (no shield)
rPois  +         Gourm    .     (no helmet)
rElec  .         Spirit   .     (no cloak)
rCorr  .         Warding  .     (no gloves)
rMut   .         Stasis   .     (no boots)
MR     .....                    (no amulet)
Stlth  +++.......               (no ring)
                                (no ring)

@: brilliant, lethally poisoned (0 -> -11), regenerating slowly, not resistant
to hostile enchantments, fairly stealthy
A: fangs 3, see invisible, unbreathing
a: Bat Form


You were on level 2 of the Dungeon.
You were near bloodless.

You visited 1 branch of the dungeon, and saw 2 of its levels.

You collected 86 gold pieces.

Inventory:

Hand weapons
 g - a +0 short sword
 h - a +0 dagger (weapon)
Armour
 a - a +0 robe (worn)
Scrolls
 d - a scroll of teleportation {unknown}
Potions
 c - 3 potions of blood
 f - a potion of curing {unknown}
 i - a potion of cure mutation {unknown}
Books
 b - a book of Necromancy

   Spells                             Type                      Level
   a - Pain                           Necromancy                   1
   b - Animate Skeleton               Necromancy                   1
   c - Vampiric Draining              Necromancy                   3
   d - Regeneration                   Charms/Necromancy            3
   e - Animate Dead                   Necromancy                   4
   f - Control Undead                 Necromancy                   4


   Skills:
 - Level 2.1 Dodging
 * Level 3.2 Stealth
 * Level 3.1 Spellcasting
 + Level 5.3 Necromancy


You had 8 spell levels left.
You knew the following spells:

 Your Spells              Type           Power        Failure   Level  Hunger
a - Pain                  Necr           ####         1%          1    None


Dungeon Overview and Level Annotations

Branches:
Dungeon (2/15)

Altars:
Okawaru


Innate Abilities, Weirdness & Mutations

You heal slowly.
You have razor-sharp teeth.
You have supernaturally acute eyesight.
You can survive without breathing.


Message History

Casting: Pain
Confirm with . or Enter, or press ? or * to list all spells.
Aiming: Pain
Press: ? - help, Shift-Dir - straight line, f/p - adder
Aim: an adder (lightly wounded, chance to defeat MR: 85%)
The adder convulses in agony!
The adder barely misses you.
Casting: Pain
Confirm with . or Enter, or press ? or * to list all spells.
Aiming: Pain
Press: ? - help, Shift-Dir - straight line, f/p - adder
Aim: an adder (severely wounded, chance to defeat MR: 85%)
The adder barely resists.
The adder bites you.
* * * LOW HITPOINT WARNING * * *
The adder bites you.
* * * LOW HITPOINT WARNING * * *
You are more poisoned.
The adder poisons you!
It was a potion of brilliance.
You feel clever all of a sudden.
You die...

# #...#.%.).#.........#
#............<.......
.##.#...###..(..#####.#
%........#...##.#
............###.#
#.######..#...#### #.#
#.#.[.....#..#######.#
#.#.#####......>......
#.#.# #.#.@# #.# #.#.#
###.#gS# #.# #.#.#
#......#
#####.#.###.#.#.(#
....(............#
........###.###.##
.##.#.### #.# #.#
.##.#.#####.###.#
................#


You could see an adder and a goblin.

Vanquished Creatures
  An adder (D:2)
  2 oozes (D:1)
  2 worms (D:2)
  2 giant geckos
  A ball python (D:1)
  9 bats
  7 hobgoblins (D:1)
  2 jackals (D:1)
  5 kobolds
  5 giant newts
  3 goblins
  5 rats (D:1)
44 creatures vanquished.

Notes
Turn   | Place    | Note
--------------------------------------------------------------
     0 | D:1      | matakusis the Vampire Necromancer began the quest for the Orb.
     0 | D:1      | Reached XP level 1. HP: 13/13 MP: 3/3
   395 | D:1      | Reached XP level 2. HP: 14/19 MP: 0/5
   881 | D:1      | Reached skill level 5 in Necromancy
   900 | D:1      | Reached XP level 3. HP: 21/24 MP: 3/6
  1506 | D:2      | Found an iron altar of Okawaru.
  1825 | D:2      | Reached XP level 4. HP: 28/30 MP: 8/8
  1906 | D:2      | HP: 1/30 [adder (3)]
  1907 | D:2      | Succumbed to an adder's poison

Vault maps used:
D:1:      lemuel_arrival_rhombus, hex_large, minmay_bisected
D:2:      minmay_misc_feat_five, grunt_ministairs_15, st_stairs_11,
          okawaru_ov_weapons_minmay

Action                   |  1- 3 |  4- 6 || total
-------------------------+-------+-------++-------
Melee: Unarmed           |     7 |       ||     7
       Dagger            |     5 |     1 ||     6
       Short sword       |     1 |       ||     1
 Cast: Pain              |    64 |     9 ||    73
  Use: Potion            |       |     1 ||     1
 Stab: Sleeping          |     3 |       ||     3
